ElectroGuy, chaotic male orcish Barbarian -------------------------------- |........................)[....| ------- | ------+--------------..-----.| |.....| +.. |.| ##-)<%..| |.. |.| # |...... |. |.| ### |.....| |.-----|.| # |^..(.| | |%-....|..###### |.....| |. |%|.._.|.| ------- -|--%|...P|.| -.)s@d%.....|.| -- ----%----|.| |)%|...-.| |..|...|.| -+------ ---------|.----..| |.......................)......| -------------------------------- ElectroGuy the Bandit Experience level: 8 Strength: 18 Dexterity: 16 Constitution: 18 Intelligence: 9 Wisdom: 7 Charisma: 7 Health: 0(83) Energy: 13(13) Def: 4 Gold: 100 Moves: 3028 Dungeon seed: deGVXILKg4tBGufe Game ID: ElectroGuy_1571585883 Your Inventory: Coins $ - 100 gold pieces Weapons a - a +0 battle-axe (alternate weapon; not wielded) p - a cursed -1 dart v - a cursed thoroughly corroded -2 dwarvish mattock (weapon in hands) Armor q - an uncursed +0 scale mail (being worn) w - an uncursed +0 dwarvish roundshield z - a blessed +0 dwarvish cloak (being worn) N - an uncursed thoroughly corroded +0 pair of iron shoes (being worn) Comestibles f - 2 uncursed eggs Rings t - an uncursed ring of free action Wands A - a wand of light (0:13) Tools x - an uncursed oil lamp (0:647) Gems r - 2 uncursed worthless pieces of blue glass (in quiver) y - an uncursed worthless piece of yellowish brown glass Spells and supernatural/magical abilities: Name Level Category Fail Memory W - pray for help -- divine ? -- Your skills at the end: Fighting Skills bare handed combat [Basic] Weapon Skills axe [Basic] short sword [Basic] Spellcasting Skills Final Attributes: You were piously aligned. You were poison resistant. You had infravision. You were fast. You are dead. Vanquished creatures: 6 black puddings 2 human zombies 2 rock moles a fog cloud 4 gnome lords 2 gnomish wizards a guardian naga hatchling a straw golem a baby crocodile a kitten 5 dwarves a centipede 3 monkeys 2 orc zombies 2 dwarf zombies 2 iguanas 2 hobbits 2 yellow molds a red mold 21 gnomes a gnome zombie a gecko a jackal a kobold 2 goblins 3 grid bugs 2 lichens 2 kobold zombies 3 newts 78 creatures vanquished. Voluntary challenges: You were an atheist. You used a wielded weapon 122 times, starting on turn 169. You read items or engraved 1 time, starting on turn 1274. You never genocided any monsters. You never polymorphed an object. You never changed form. You used no wishes. You split 6 puddings, starting on turn 2781. You never wrote Elbereth's name. You never violated your personal moral code. Dungeon overview: The Dungeons of Doom: levels 1 to 2 Level 1 a long staircase Level 2 a scroll shop stairs to The Gnomish Mines The Gnomish Mines: levels 3 to 5 Level 3 stairs to The Dungeons of Doom Level 4 Level 5 <- You were here a delicatessen, a temple to Set, a sink History has recorded: On T:1 you entered the Dungeons of Doom to retrieve the Amulet of Yendor! On T:424 you reached level 2 of The Dungeons of Doom. On T:899 you advanced to experience level 2. On T:961 you reached level 1 of The Gnomish Mines. On T:974 you advanced to experience level 3. On T:1012 you advanced to experience level 4. On T:1295 you reached level 2 of The Gnomish Mines. On T:1348 you advanced to experience level 5. On T:2145 you advanced to experience level 6. On T:2275 you reached level 3 of The Gnomish Mines. On T:2904 you advanced to experience level 7. On T:3008 you advanced to experience level 8. Score breakdown: Gold: 100 ( 6818 points) Experience: 8 levels (14739 points) Exploration: 5 levels ( 10.64%) ( 8846 points) Discoveries: 4 items ( 1.63%) ( 3825 points) Valuables value: (no points given unless you survive) Artifact value: 0 ( 0 points) Variety of kills: 29 monsters ( 7.61%) ( 8276 points) Turncount: 3028 turns ( -613 points) Survival: died (score multiplied by 80%) Total score: 33512 Latest messages: You miss the centipede. The little dog just misses! You miss the centipede. The little dog bites! You smite the centipede. The little dog just misses! You miss the centipede. The little dog bites! You smite the centipede. The centipede bites! The centipede's bite was poisoned, but doesn't affect you. The little dog bites! You are beginning to feel hungry. You smite the little dog. The little dog bites! You miss the centipede. The little dog bites! You miss the little dog. The little dog bites! You smite the centipede. The centipede bites! You die... Final status: Goodbye ElectroGuy the Barbarian, killed by a centipede... You died in The Gnomish Mines on dungeon level 5 with 33512 points, and 100 pieces of gold, after 3028 moves. You were level 8 with a maximum of 83 hit points when you died.